 Dungeon Crawl Stone Soup version 0.25-a0-1126-g5fd7b56c60 (webtiles) character file.

Game seed: 9086179367031609627, levelgen mode: deterministic

703 Safeword the Chopper (level 7, -1/62 HPs)
             Began as a Minotaur Berserker on May 19, 2020.
             Was a Believer of Trog.
             Slain by a gnoll
             ... wielding a +0 whip
              (5 damage)
             ... on level 4 of the Dungeon.
             The game lasted 00:06:01 (4534 turns).

Safeword the Chopper (Minotaur Berserker)           Turns: 4534, Time: 00:06:02

Health: -1/62      AC:  0    Str: 23    XL:     7   Next: 39%
Magic:  6/6        EV: 22    Int:  4    God:    Trog [**....]
Gold:   168        SH:  0    Dex: 15    Spells: 6/6 levels left

rFire    . . .     SeeInvis .   (weapon currently unavailable)
rCold    . . .     Gourm    .   (shield currently unavailable)
rNeg     . . .     Faith    .   (armour currently unavailable)
rPois    .         Spirit   .   (helmet currently unavailable)
rElec    .         Reflect  .   (cloak currently unavailable)
rCorr    .         Harm     .   (gloves currently unavailable)
MR       ++...                  (boots currently unavailable)
Stlth    +.........             (no amulet)
HPRegen  1.20/turn              (ring currently unavailable)
MPRegen  0.10/turn              (ring currently unavailable)

@: brilliant, lethally poisoned (-1 -> -4), bat-form, berserk cooldown, flying,
regenerating, slowed, quick
A: tiny, (retaliatory headbutt)
a: Berserk, Trog's Hand, Renounce Religion


You were on level 4 of the Dungeon.
You worshipped Trog.
Trog was pleased with you.
You were near starving.
You were in bat-form.
You visited 1 branch of the dungeon, and saw 4 of its levels.

You collected 168 gold pieces.

Inventory:

Hand Weapons
 B - a +2 vorpal scythe (melded)
Armour
 a - a +0 cloak (melded)
 i - a +0 pair of boots (melded)
 k - a +0 pair of gloves (melded)
 p - a cursed +0 scale mail (melded)
 v - a +0 chain mail
Jewellery
 b - a +4 ring of evasion {unknown}
 e - an uncursed amulet of regeneration {unknown}
 o - an uncursed amulet of reflection {unknown}
 y - a +6 ring of intelligence {unknown}
Scrolls
 d - 3 scrolls of identify {unknown}
 f - a scroll of immolation {unknown}
 h - 2 scrolls of magic mapping {unknown}
 m - 3 scrolls of remove curse {unknown}
 q - a scroll of random uselessness {unknown}
 r - a scroll of fog {unknown}
 w - a scroll of blinking {unknown}
 A - a scroll of amnesia {unknown}
Potions
 g - a potion of brilliance
 j - a potion of invisibility {unknown}
 l - 2 potions of heal wounds {unknown}
 n - 2 potions of flight {unknown}
 s - 2 potions of curing {unknown}
 t - a potion of magic {unknown}
 u - a potion of cancellation {unknown}
 x - 2 potions of lignification {unknown}
 z - a potion of stabbing {unknown}
Comestibles
 c - 6 rations


   Skills:
 + Level 5.7 Fighting
   Level 6.9 Axes
 + Level 5.1 Armour
 + Level 4.6 Dodging


You had 6 spell levels left.
You didn't know any spells.
Your spell library was empty.

Dungeon Overview and Level Annotations

Branches:
Dungeon (4/15)             Temple (0/1) D:4

Altars:

Annotations:
D:2 1 runed translucent door, Crazy Yiuf
D:3 2 transporters
D:4 1 transporter, Maedhros's ghost, weakling OpAr


Innate Abilities, Weirdness & Mutations

((You reflexively headbutt those who attack you in melee.))
((You have a pair of horns on your head.))


Message History

You feel sick.
Things that are here:
a +0 whip; a +0 leather armour; 21 gold pieces You are too berserk!
You feel a strong urge to attack something.
You are no longer berserk.
You are exhausted.
You feel yourself slow down.
* * * LOW HITPOINT WARNING * * *
You feel sick.
* * * LOW HITPOINT WARNING * * *
You feel sick.
It was a potion of brilliance.
You feel clever all of a sudden.
* * * LOW HITPOINT WARNING * * *
You feel very sick. The gnoll closely misses you.
Maedhros's ghost hits the plant but does no damage.
The gnoll hits you with a +0 whip.
You die...

#..≈≈#...........#≈≈........
#..≈≈###.##'##.###≈≈.....##.
#..≈≈..#.#. .#..≈≈.....###
#..≈≈.##.# .##.≈≈.....###
#..≈≈.#..# ..#.≈≈.....##.
#..≈≈.##.#####.##.≈≈........
#......#.#8⌠8#.#..≈≈........
#.....©#.')©gW.#©.≈≈........
##.....#.#gbP#.#..≈≈........
#.≈≈.##.##.##.##.≈≈.....#..
#.≈≈.#..#.).#.©#.≈≈.####...
#.≈≈.##.'...'.##.≈≈.# #...
#.≈≈..#.#...#.#..≈≈.# #...
#.≈≈###.##'##.###≈≈.#####..
#.≈≈#...........#≈≈........
#.≈≈##.###.###.##≈≈........
#.≈≈#..#8###8#..#≈≈......##


You could see Maedhros's ghost and 2 gnolls.

Vanquished Creatures
  Sigmund (D:4)
  A centaur (D:4)
  A gnoll sergeant (D:4)
  A gnoll shaman (D:4)
  A hound (D:4)
  Terence (D:3)
  5 worker ants (D:4)
  6 gnolls
  4 adders
  2 oozes
  2 adder skeletons (D:4)
  5 worms
  3 leopard geckos
  An orc (D:3)
  10 bats
  2 giant cockroaches (D:1)
  10 hobgoblins
  7 jackals
  7 kobolds
  A ball python (D:2)
  7 frilled lizards
  6 goblins
  2 jackal skeletons (D:4)
  5 rats
91 creatures vanquished.

Vanquished Creatures (others)
  5 plants (D:4)
5 creatures vanquished.

Grand Total: 96 creatures vanquished

Notes
Turn   | Place    | Note
-------+----------+-------------------------------------------
     0 | D:1      | Safeword the Minotaur Berserker began the quest for the
                  | Orb.
     0 | D:1      | Reached XP level 1. HP: 19/19 MP: 0/0
   393 | D:1      | Reached XP level 2. HP: 23/27 MP: 1/1
   468 | D:1      | Reached skill level 4 in Axes
  1464 | D:1      | Reached XP level 3. HP: 28/33 MP: 2/2
  1670 | D:2      | You fall into a shaft and drop 2 floors!
  1678 | D:4      | Reached ** piety under Trog
  1937 | D:2      | Reached XP level 4. HP: 40/40 MP: 3/3
  1941 | D:2      | Reached skill level 5 in Axes
  2247 | D:2      | Found a runed translucent door.
  2248 | D:2      | Noticed Crazy Yiuf
  2545 | D:2      | Reached XP level 5. HP: 41/47 MP: 4/4
  3037 | D:3      | Found a transporter.
  3161 | D:3      | Noticed Terence
  3171 | D:3      | Killed Terence
  3278 | D:3      | Found a transporter.
  3669 | D:4      | Reached XP level 6. HP: 55/55 MP: 5/5
  3760 | D:4      | Reached *** piety under Trog
  3760 | D:4      | Reached skill level 6 in Axes
  3983 | D:4      | Found a transporter.
  4018 | D:4      | Found a transporter.
  4037 | D:4      | Identified the +1 ring mail of Joy {Regen+}
  4053 | D:4      | Noticed Maedhros's ghost (weakling OpAr)
  4099 | D:4      | Found a staircase to the Ecumenical Temple.
  4185 | D:4      | Noticed Sigmund
  4195 | D:4      | Reached skill level 5 in Fighting
  4203 | D:4      | Killed Sigmund
  4203 | D:4      | Reached XP level 7. HP: 6/61 MP: 6/6
  4526 | D:4      | Reached skill level 5 in Armour
  4534 | D:4      | Slain by a gnoll

Illustrated notes

Levels and vault maps discovered:
D:1:      matt_arrival_grand_opening, layout_basic
D:2:      layout_loops_ring, first_ration, uniq_crazy_yiuf_cottage
D:3:      gammafunk_steamed_eel, layout_rooms, serial_rivers,
          chequers_serial_rivers_micro_c, chequers_serial_rivers_micro_d,
          chequers_serial_rivers_micro_a, chequers_serial_rivers_micro_b,
          chequers_serial_rivers_micro_b, chequers_serial_rivers_micro_a,
          uniq_terence
D:4:      layout_rooms, minmay_temple_entry_glassed_door,
          gammafunk_ghost_gnarly_gnolls, serial_bayou_pond_c, uniq_sigmund

Skill      XL: |  1  2  3  4  5  6  7 |
---------------+----------------------+-----
Axes           | 4 5 6 |  6.9
Fighting       | 4 5 |  5.7
Armour         | 3 4 5 |  5.1
Dodging        | 3 4 |  4.6

Action                   |  1- 3 |  4- 6 |  7- 9 || total
-------------------------+-------+-------+-------++-------
Melee: Hand axe          |    93 |   106 |       ||   199
       Headbutt          |    20 |    21 |       ||    41
       Unarmed           |       |       |    16 ||    16
Invok: Berserk           |     2 |     1 |     1 ||     4
       Trog's Hand       |       |     1 |     1 ||     2
  Use: Potion            |       |       |     1 ||     1
  Eat: Chunk             |     4 |     8 |     2 ||    14
Armor: Animal skin       |    25 |       |       ||    25
       Ring mail         |       |     6 |       ||     6
       Scale mail        |       |    41 |       ||    41
Dodge: Dodged            |    81 |    53 |    28 ||   162

Table legend:
 A = Non-vault XP
 B = Vault XP
 C = Vault XP percentage of total XP
 D = Non-vault monster count
 E = Vault monster count
 F = Vault count percentage of total count
                 A         B        C        D         E       F
            +---------+---------+-------+---------+---------+-------
      Total |     573 |     432 |  43.0 |      85 |       6 |   6.6
            +---------+---------+-------+---------+---------+-------
        D:1 |      43 |       0 |   0.0 |      24 |       0 |   0.0
        D:2 |     152 |       0 |   0.0 |      30 |       0 |   0.0
        D:3 |      19 |      36 |  65.5 |      10 |       1 |   9.1
        D:4 |     359 |     396 |  52.5 |      21 |       5 |  19.2
            +---------+---------+-------+---------+---------+-------
